Selects Luftwaffe Battlegroup
Selects Luftwaffe Pioneer Support
Fallschirmpioneer Squad Paradrop
Construct Infanterie Kompanie
Fallschirmpioneer Squad Paradrop
Fallschirmpioneer Squad Paradrop
Selects Reconnaissance Run
Construct Luftwaffe Kompanie
Selects Fallschirmjäger Squad Paradrop
Fallschirmjäger Squad Paradrop
Marder III M Tank Destroyer
Fallschirmpioneer Squad Paradrop
Selects Flak 38 Anti-Air Emplacement
Marder III M Tank Destroyer
Fallschirmjäger Squad Paradrop
Fallschirmpioneer Squad Paradrop